 Dungeon Crawl Stone Soup version 0.17-a0-2127-g1cb09f6 (webtiles) character file.

2114 brucemayne the Cleaver (level 9, -6/68 HPs)
             Began as a Demonspawn Gladiator on Oct 22, 2015.
             Was a Believer of Makhleb.
             Hit by a large rock thrown by a cyclops (33 damage)
             ... on level 11 of the Dungeon.
             The game lasted 00:11:32 (2207 turns).

brucemayne the Cleaver (Demonspawn Gladiator)       Turns: 2207, Time: 00:11:32

Health: -6/68      AC: 12    Str: 19    XL:     9   Next: 8%
Magic:  0/9        EV:  6    Int: 10    God:    Makhleb [**....]
Gold:   262        SH:  0    Dex: 13    Spells: 0 memorised, 8 levels left

rFire  . . .     SeeInvis .     j - +1 hand axe (elec)
rCold  . . .     Clarity  .     m - +1 plate armour
rNeg   . . .     SustAt   .     (no shield)
rPois  .         Gourm    .     (helmet restricted)
rElec  .         Spirit   +     (no cloak)
rCorr  +         Warding  .     (no gloves)
rMut   .         Stasis   .     (no boots)
MR     .....                    h - amulet of resist corrosion
Stlth  ..........               (no ring)
                                I - ring of stealth

@: not resistant to hostile enchantments, extremely unstealthy
A: horns 1, foul stench 1, magic shield, magic regeneration, rot immunity
a: Minor Destruction, Renounce Religion


You were on level 11 of the Dungeon.
You worshipped Makhleb.
Makhleb was pleased with you.
You were hungry.

You visited 2 branches of the dungeon, and saw 12 of its levels.
You also visited: Bailey.

You collected 262 gold pieces.

Inventory:

Hand Weapons
 a - a +0 war axe
 j - a +1 hand axe of electrocution (weapon)
 C - a +0 whip of electrocution
 D - the +11 trident "Ronnaffyin" {pierce, MR+ MP+9 Int+2, unknown}
   (You found it on level 6 of the Dungeon)

   It inflicts extra damage upon your enemies.
   It affects your intelligence (+2).
   It affects your resistance to hostile enchantments.
   It affects your magic capacity (+9).
 J - a +1 bardiche of protection
Missiles
 d - 2 throwing nets (quivered)
 i - 24 poisoned needles
Armour
 b - a +0 leather armour
 c - a +0 helmet
 m - a +1 plate armour (worn)
 s - a +0 shield
Jewellery
 h - an amulet of resist corrosion (around neck)
 p - an uncursed amulet of warding
 I - a ring of stealth (left hand)
Scrolls
 f - a scroll of enchant armour
 k - 3 scrolls of teleportation
 r - a scroll of immolation
 x - 2 scrolls of recharging {unknown}
 y - a scroll of magic mapping {unknown}
 A - a scroll of random uselessness {unknown}
 B - a scroll of noise {unknown}
 F - a scroll of amnesia
Potions
 g - a potion of curing
 l - a potion of cure mutation
 n - a potion of brilliance
 o - a potion of resistance
 t - a potion of mutation
 u - 2 potions of lignification
 w - a potion of degeneration
 E - a potion of berserk rage {unknown}
 G - a potion of beneficial mutation {unknown}
 H - a potion of flight {unknown}
Books
 z - a book of Battle

   Spells                             Type                      Level
   a - Infusion                       Charms                       1
   b - Shroud of Golubria             Charms/Translocation         2
   c - Song of Slaying                Charms                       2
   d - Spectral Weapon                Hexes/Charms                 3
   e - Regeneration                   Charms/Necromancy            3
Comestibles
 e - 4 bread rations
 q - a fruit
 v - 3 chunks of flesh


   Skills:
 - Level 5.1 Fighting
 + Level 9.9 Axes
 - Level 1.7 Throwing
 - Level 3.0 Armour
 - Level 2.6 Dodging


You had 8 spell levels left.
You didn't know any spells.

Dungeon Overview and Level Annotations

Branches:
Dungeon (11/15)            Temple (1/1) D:4
   Lair: D:8-11         Orc: D:9-12

Altars:
Ashenzari
Dithmenos
Elyvilon
Fedhas
Gozag
Makhleb
Nemelex Xobeh
Okawaru
Trog
Xom
Yredelemnul
The Shining One

Annotations:
D:7 Pikel


Innate Abilities, Weirdness & Mutations

You have a pair of small horns on your head.
You may emit foul miasma when damaged in melee.
When hurt, damage is shared between your health and your magic reserves.
You regenerate magic rapidly.
You are immune to rotting.


Message History

Makhleb accepts your kill.
You feel better.
You have reached level 9!
Your experience leads to an increase in your attributes!
Increase (S)trength, (I)ntelligence, or (D)exterity?
You feel stronger.
Your demonic ancestry asserts itself...
You begin to emit a foul stench of rot and decay.
Things that are here:
a giant club; a giant spiked club; a two-headed ogre corpse You butcher the two-headed ogre corpse.
v - 3 chunks of flesh
Things that are here:
a giant club; a giant spiked club There isn't anything to butcher here.
A cyclops comes into view.
The cyclops shouts!
The cyclops throws a large rock.
The large rock hits you!!!
You see here a large rock.
The cyclops throws a large rock.
The large rock hits you!!!
You die...

#######
#.....#
#.###.#
#)).#.#
###.#(#+######
#.#.#.@.......
#.#.#.........
#<..#......C..
#####.........
..#.######
####.# .# .+


You could see a cyclops.

Vanquished Creatures
  A two-headed ogre (D:11)
  The ghost of cireshan the Conjurer, an amateur DECj (D:4)
  2 wolves (D:8)
  A wyvern (D:9)
  An ice beast (D:9)
  An orc warrior (D:8)
  2 black bears (D:9)
  An ogre (D:7)
  A necrophage (D:9)
  A centaur (D:8)
  A big kobold (D:9)
  A scorpion (D:9)
  2 crimson imps
  A jelly (D:9)
  8 hounds
  2 orc priests
  4 orc wizards
  An iguana (D:5)
  A worker ant (D:8)
  2 hound skeletons
  A hound zombie (D:10)
  3 adders
  A shadow imp (D:7)
  2 oozes
  4 giant geckos
  12 orcs
  A ball python (D:5)
  4 hobgoblins
  9 kobolds
  6 quokkas
  2 bats (D:3)
  4 giant cockroaches
  A giant newt (D:3)
  6 jackals
  A quokka skeleton (D:7)
  5 rats
97 creatures vanquished.

Notes
Turn   | Place    | Note
--------------------------------------------------------------
     0 | D:1      | brucemayne the Demonspawn Gladiator began the quest for the Orb.
     0 | D:1      | Reached XP level 1. HP: 16/16 MP: 1/1
   114 | D:3      | Found a shattered altar of Ashenzari.
   120 | D:3      | Reached skill level 3 in Axes
   139 | D:3      | Gained mutation: When hurt, damage is shared between your health and your magic reserves. [demonic ancestry]
   139 | D:3      | Reached XP level 2. HP: 11/22 MP: 2/2
   252 | D:3      | Reached XP level 3. HP: 19/27 MP: 3/3
   299 | D:2      | Found a burning altar of Makhleb.
   299 | D:2      | Found a shimmering altar of Xom.
   301 | D:2      | Found a glowing golden altar of the Shining One.
   361 | D:3      | Noticed an orc priest
   368 | D:3      | Killed an orc priest
   368 | D:3      | Reached skill level 4 in Axes
   503 | D:3      | Reached XP level 4. HP: 17/33 MP: 2/4
   629 | D:4      | Found a staircase to the Ecumenical Temple.
   643 | Temple   | Entered the Ecumenical Temple
   766 | D:2      | Became a worshipper of Makhleb the Destroyer
   855 | D:4      | Found a burning altar of Makhleb.
   855 | D:4      | Noticed cireshan's ghost (amateur DECj)
   860 | D:4      | Killed cireshan's ghost
   860 | D:4      | Reached skill level 6 in Axes
   860 | D:4      | Gained mutation: You regenerate magic rapidly. [demonic ancestry]
   860 | D:4      | Reached XP level 5. HP: 34/38 MP: 5/5
   954 | D:4      | Found a white marble altar of Elyvilon.
   970 | D:4      | Reached XP level 6. HP: 24/44 MP: 3/6
  1005 | D:5      | Entered Level 5 of the Dungeon
  1028 | D:5      | Reached * piety under Makhleb
  1092 | D:6      | Got a bloodstained trident
  1096 | D:7      | Noticed Pikel
  1263 | D:7      | HP: 2/44 [ogre/giant club (21)]
  1264 | D:7      | Reached skill level 7 in Axes
  1385 | D:8      | Reached skill level 1 in Armour
  1399 | D:8      | Gained mutation: You are immune to rotting. [demonic ancestry]
  1399 | D:8      | Reached XP level 7. HP: 35/50 MP: 7/7
  1435 | D:8      | Found a flagged portal.
  1509 | D:8      | Noticed a wolf
  1511 | Bailey   | Entered a bailey
  1511 | Bailey   | Noticed an orc knight
  1511 | Bailey   | Noticed an orc knight
  1512 | Bailey   | Noticed an orc knight
  1531 | D:8      | Killed a wolf
  1542 | D:8      | Noticed a wolf
  1549 | D:8      | Killed a wolf
  1549 | D:8      | Gained mutation: You have a pair of small horns on your head. [demonic ancestry]
  1549 | D:8      | Reached XP level 8. HP: 12/60 MP: 3/8
  1622 | D:9      | Reached ** piety under Makhleb
  1622 | D:9      | Reached skill level 8 in Axes
  1830 | D:9      | Reached skill level 5 in Fighting
  1919 | D:9      | Found a bloodstained altar of Trog.
  1926 | D:9      | Reached skill level 9 in Axes
  1968 | D:10     | Entered Level 10 of the Dungeon
  2189 | D:11     | Noticed a two-headed ogre
  2196 | D:11     | Killed a two-headed ogre
  2196 | D:11     | Gained mutation: You may emit foul miasma when damaged in melee. [demonic ancestry]
  2196 | D:11     | Reached XP level 9. HP: 57/68 MP: 5/9
  2206 | D:11     | Noticed a cyclops
  2207 | D:11     | Hit by a large rock thrown by a cyclops

Vault maps used:
D:1:      tarquinn_simple_flora_water_e
D:2:      nicolae_ru_path_of_blood, gammafunk_temple_overflow_claw,
          minmay_misc_feat_diagonals, uniq_natasha, uniq_jessica
D:3:      nicolae_overflow_hidden_temple, first_bread, minmay_misc_feat_tiny
D:4:      elyvilon_altar_5, minmay_temple_entry_large_hall, bloody_makhleb
D:5:      grunt_temple_overflow_magic_moments, slow_altar_1, serial_shops,
          nicolae_shop_statue_plus, jiyva_altar_1
D:6:      zin_academy, basic_altar, uniq_grinder, uniq_sigmund
D:7:      kennysheep_little_box, uniq_crazy_yiuf_cottage, uniq_pikel
D:8:      erik_lair_island, enter_bailey_2
D:9:      trog_ov_bears_minmay
Temple:   hc_temple_tempest_star_small
Bailey:   bailey_polearm_4, bailey

Action                   |  1- 3 |  4- 6 |  7- 9 || total
-------------------------+-------+-------+-------++-------
Melee: War axe           |    18 |       |       ||    18
       Hand axe          |    38 |    95 |   164 ||   297
Throw: Throwing net      |     1 |     2 |     1 ||     4
  Use: Potion            |       |     1 |     3 ||     4
       Scroll            |       |       |    11 ||    11
  Eat: Chunk             |       |     1 |     2 ||     3
       Fruit             |       |     1 |       ||     1
